Map: Hard Lead LE

Players

Ukko

  • Race: Zerg Zerg
  • Spawn Location: 5:00

herO - Winner!

  • Race: Protoss Protoss
  • Spawn Location: 11:00

Event: ESL SC2 Masters 2023 Winter (Finals)

VOD

Have the link to the VOD?

Description

Time

  • Played on: Dec. 15, 2023, 11:43 a.m.
  • Length: 6:58

All games in this series

Show
View Real Time Build Order
Export as new Build Order

Ukko Zerg 

Build Orders: Hatch First 

Get SALT Encoding   

  12  0:00  Drone  
  13  0:07  Drone  
  13  0:14  Extractor, Drone  
  15  0:36  Hatchery  
  15  0:40  Extractor  
  15  0:42  Drone  
  14  0:48  Overlord  
  15  1:04  Spawning Pool  
  15  1:08  Drone  
  15  1:13  Drone  
  15  1:17  Drone  
  17  1:24  Drone  
  18  1:31  Extractor  
  18  1:32  Drone  
  18  1:41  Drone  
  19  1:50  Drone  
  19  1:51  Queen  
  19  1:53  Queen  
  24  1:57  Zergling x2  
  25  2:03  Drone  
  25  2:08  Overlord  
  26  2:11  Drone  
  26  2:13  Drone  
  28  2:26  Drone x2  
  30  2:38  Hatchery  
  30  2:41  Queen  
  31  2:46  Overlord  
  31  2:48  Drone  
  32  2:51  Zergling x2  
  32  2:56  Drone x2  
  35  2:58  Drone  
  35  3:03  Metabolic Boost  
  36  3:09  Queen  
  38  3:16  Zergling x6  
  41  3:23  Drone x3  
  44  3:31  Drone  
  42  3:46  Drone x2  
  44  3:55  Drone x6  
  50  4:01  Overlord  
  50  4:02  Overlord  
  50  4:05  Extractor x2, Queen  
  50  4:07  Drone, Spore Crawler  
  50  4:16  Drone  
  50  4:20  Drone x6  
  53  4:27  Drone x3  
  53  4:31  Drone, Spore Crawler  
  58  4:34  Drone x2  
  60  4:41  Overlord  
  60  4:44  Queen  
  62  4:48  Drone x2  
  62  4:53  Drone x2  
  62  4:56  Drone  
  65  5:01  Drone x3  
  68  5:09  Overlord x2  
  68  5:10  Drone x3, Lair  
  71  5:16  Evolution Chamber  
  71  5:18  Roach Warren  
  60  5:28  Drone x6  
  60  5:33  Drone x2  
  64  5:39  Drone x2  
  66  5:51  Extractor, Hatchery  
  66  5:54  Drone x3  
  67  5:57  Overlord  
  67  5:58  Drone x3  
  67  6:03  Spore Crawler  
  67  6:04  Drone x3  
  71  6:06  Extractor  
  71  6:08  Baneling Nest  
  69  6:13  Drone x6  
  75  6:19  Zergling x8  
  75  6:20  Extractor  
  78  6:27  Roach  
  80  6:43  Extractor  
Show
View Real Time Build Order
Export as new Build Order

herO Protoss - Winner!

Build Orders: 1 Gate Expand, Oracle Opening 

Get SALT Encoding   

  12  0:00  Probe  
  13  0:13  Pylon  
  13  0:17  Probe (Chrono Boost)  
  14  0:26  Probe (Chrono Boost)  
  15  0:31  Probe  
  16  0:38  Gateway  
  16  0:43  Probe  
  16  0:47  Assimilator  
  17  0:55  Probe  
  18  1:08  Probe  
  19  1:20  Probe  
  20  1:27  Nexus  
  20  1:37  Cybernetics Core  
  20  1:39  Probe  
  21  1:45  Assimilator  
  21  1:51  Probe  
  22  1:55  Pylon  
  22  2:03  Probe  
  23  2:10  Adept (Chrono Boost)  
  25  2:16  Probe  
  25  2:17  Stargate  
  26  2:25  Warp Gate  
  26  2:28  Probe (Chrono Boost)  
  27  2:33  Adept  
  29  2:39  Probe (Chrono Boost)  
  31  2:46  Probe (Chrono Boost)  
  31  2:48  Probe (Chrono Boost)  
  32  2:52  Probe (Chrono Boost)  
  32  2:56  Probe  
  34  3:00  Oracle (Chrono Boost)  
  34  3:03  Adept  
  34  3:04  Probe  
  40  3:08  Probe  
  40  3:11  Pylon  
  41  3:18  Probe  
  42  3:20  Probe  
  42  3:25  Gateway  
  43  3:28  Oracle (Chrono Boost)  
  43  3:30  Probe  
  43  3:32  Probe  
  48  3:50  Nexus  
  48  3:55  Probe x2  
  48  3:57  Oracle (Chrono Boost), Pylon  
  53  4:04  Assimilator  
  53  4:09  Probe  
  54  4:11  Assimilator  
  54  4:15  Probe  
  55  4:21  Probe  
  56  4:24  Twilight Council  
  56  4:26  Forge  
  56  4:27  Probe  
  56  4:30  Pylon  
  57  4:33  Probe  
  57  4:36  Gateway  
  58  4:39  Protoss Ground Weapons Level 1, Probe  
  59  4:45  Probe  
  59  4:51  Probe  
  59  4:52  Gateway, Blink (Chrono Boost)  
  61  4:56  Gateway  
  61  5:00  Probe  
  61  5:03  Probe x2  
  64  5:12  Stalker x2  
  68  5:17  Probe x2  
  68  5:18  Probe  
  71  5:25  Gateway  
  67  5:36  Probe x3  
  67  5:37  Shield Battery, Stalker x2  
  74  5:42  Stalker  
  74  5:46  Gateway  
  74  5:48  Pylon  
  74  5:49  Pylon  
  76  5:50  Probe x3  
  76  5:53  Stalker  
  81  6:02  Stalker  
  81  6:03  Stalker  
  85  6:06  Probe x3  
  88  6:11  Pylon  
  88  6:18  Pylon  
  88  6:25  Stalker x6  
  98  6:31  Pylon  
  100  6:36  Gateway  
  100  6:49  Stalker x6  
  100  6:50  Stalker  
Tags
 
Add a new tag
Caveats
  • Supply blocks, unpowered buildings, or Contaminate may cause inaccurate times.
  • Supply counts are checked every 10 seconds.